Map: Whispers of Gold

Players

WeAreLegion

  • Race: Terran Terran
  • League: Silver
  • Spawn Location: 9:00

A.I. 1 (Elite) - Winner!

  • Race: Protoss Protoss
  • Spawn Location: 5:00

VOD

Have the link to the VOD?

Description

Time

  • Played on: Dec. 1, 2024, 12:26 p.m.
  • Length: 2:22
Show
View Real Time Build Order
Export as new Build Order

WeAreLegion Terran 

Build Orders: Reaper Expand 

Get SALT Encoding   

  12  0:01  SCV  
  13  0:13  SCV  
  14  0:18  Supply Depot  
  14  0:25  SCV  
  15  0:39  SCV  
  15  0:41  Barracks  
  16  0:45  Refinery  
  16  0:51  SCV  
  17  1:03  SCV  
  18  1:16  SCV  
  19  1:29  Orbital Command  
  19  1:34  Reaper  
  20  1:48  Command Center  
  20  1:55  Supply Depot  
  20  1:58  SCV  
Show
View Real Time Build Order
Export as new Build Order

A.I. 1 (Elite) Protoss - Winner!

Build Orders:  

Get SALT Encoding   

  12  0:00  Probe  
  13  0:13  Probe  
  14  0:21  Pylon  
  14  0:25  Probe  
  15  0:35  Probe  
  16  0:43  Probe  
  16  0:49  Assimilator  
  17  0:52  Gateway  
  17  0:53  Probe  
  18  1:01  Probe  
  18  1:02  Pylon  
  18  1:09  Probe  
  20  1:20  Probe  
  21  1:35  Assimilator  
  21  1:37  Probe  
  22  1:40  Zealot  
  22  1:42  Cybernetics Core  
  24  1:49  Probe  
  25  1:59  Probe  
  25  2:06  Pylon  
  25  2:07  Probe  
  27  2:20  Twilight Council  
Tags
 
League
Silver
Matchup
PvT
Replay Pack
December
Spawn Locations
Cross Positions
Add a new tag
Caveats
  • Supply blocks, unpowered buildings, or Contaminate may cause inaccurate times.
  • Supply counts are checked every 10 seconds.